 Dungeon Crawl Stone Soup version 0.22.1-1-ga44c0e5 (webtiles) character file.

63 mandick the Insei (level 3, 0/27 HPs)
             Began as a Demonspawn Transmuter on Oct 1, 2018.
             Slain by a gnoll
             ... wielding a +0 spear
              (5 damage)
             ... on level 2 of the Dungeon.
             The game lasted 00:03:47 (1475 turns).

mandick the Insei (Demonspawn Transmuter)           Turns: 1475, Time: 00:03:47

Health: 0/27       AC:  2    Str: 11    XL:     3   Next: 87%
Magic:  5/6        EV: 13    Int: 14    God:
Gold:   75         SH:  0    Dex: 13    Spells: 5/6 levels left

rFire    . . .     SeeInvis +     - Unarmed
rCold    . . .     Gourm    .   (no shield)
rNeg     . . .     Faith    .   b - +0 robe
rPois    .         Spirit   .   (no helmet)
rElec    .         Reflect  .   (no cloak)
rCorr    .         Harm     .   (no gloves)
MR       .....                  (no boots)
Stlth    +.........             (no amulet)
HPRegen  0.09/turn              g - ring of see invisible
MPRegen  0.10/turn              (no ring)

@: appendage (expiring)
A: horns 2, powered by death 1
a: End Transformation


You were on level 2 of the Dungeon.
You were not hungry.
You had grown temporary horns.
You visited 1 branch of the dungeon, and saw 2 of its levels.

You collected 75 gold pieces.

Inventory:

Missiles
 a - 12 arrows
Armour
 b - a +0 robe (worn)
 k - a +0 shield
Jewellery
 c - an uncursed ring of fire {unknown}
 g - a ring of see invisible (left hand)
Scrolls
 e - 4 scrolls of identify {unknown}
 f - 2 scrolls of remove curse {unknown}
 h - a scroll of noise {unknown}
 i - a scroll of fear {unknown}
 j - a scroll of magic mapping {unknown}
Comestibles
 d - 3 rations
 l - 9 chunks of flesh


   Skills:
 + Level 2.0 Fighting
 + Level 2.4 Dodging
 + Level 3.2 Unarmed Combat
 - Level 2.0 Spellcasting
 + Level 2.4 Transmutations


You had 5 spell levels left.
You knew the following spells:

 Your Spells              Type           Power        Failure   Level  Hunger
a - Beastly Appendage     Tmut           #.....       9%          1    ##.....

Your spell library contained the following spells:

 Spells                   Type           Power        Failure   Level  Hunger
 Sticks to Snakes         Tmut           #.......     14%         2    ###....
 Spider Form              Tmut/Pois      #.........   41%         3    ####...
 Ice Form                 Ice/Tmut       #.......     82%         4    #####..
 Blade Hands              Tmut           #.........   94%         5    ######.


Dungeon Overview and Level Annotations

Branches:
Dungeon (2/15)

Altars:


Innate Abilities, Weirdness & Mutations

You regenerate a little health from kills.
You have a pair of horns on your head.


Message History

The gnoll is too close now for your liking.
Casting: Beastly Appendage (safe; 9% risk of failure)
Confirm with . or Enter, or press ? or * to list all spells.
You extend your transformation's duration.
The gnoll hits you with a spear.
You closely miss the gnoll. You headbutt the gnoll!
The gnoll is heavily wounded.
The gnoll hits you with a spear!
You closely miss the gnoll.
The gnoll is heavily wounded.
The gnoll hits you with a spear.
* * * LOW HITPOINT WARNING * * *
You hit the gnoll but do no damage. You headbutt the gnoll.
The gnoll is almost dead.
The gnoll barely misses you.
You barely miss the gnoll.
The gnoll is almost dead.
Your transformation is almost over.
The gnoll hits you with a spear.
You die...

#......######### ##.##
#......#........# #.)#
#.........#####.#####[##
######...†.##..#<.......##..#..#
#........(..#..###.............#
#.....#.....#............##>.#.#
#.....#####.#............# #.# #
#[....# #.#######......# .#
#.....#####.#..g@........###.#
#.....+...#.#)####.#..........
#.....##.........#÷#.......#..
###'####..#.#.#.##.#.......#
#.#..#..#.#.#.##.#.......#
#.#.<#..#.#.#.##.#.......#
#.#.##..#.#.#g##.#.......#
#.#.....#.#.#.##.#.......#
#.####.##.#.#g##(#########


You could see a gnoll.

Vanquished Creatures
  3 gnolls (D:2)
  An ooze (D:2)
  A dart slug (D:1)
  A leopard gecko (D:1)
  5 giant cockroaches
  2 goblins
  3 hobgoblins
  2 kobolds (D:2)
  3 bats
  2 frilled lizards (D:1)
  3 rats (D:2)
26 creatures vanquished.

Notes
Turn   | Place    | Note
-------+----------+-------------------------------------------
     0 | D:1      | mandick the Demonspawn Transmuter began the quest for the
                  | Orb.
     0 | D:1      | Reached XP level 1. HP: 15/15 MP: 3/3
   453 | D:1      | Gained mutation: You regenerate a little health from kills.
                  | [demonic ancestry]
   453 | D:1      | Reached XP level 2. HP: 21/21 MP: 3/5
   788 | D:2      | Reached skill level 3 in Unarmed Combat
  1063 | D:2      | Reached XP level 3. HP: 25/26 MP: 4/6
  1105 | D:2      | HP: 1/27 [gnoll/spear (10)]
  1475 | D:2      | Slain by a gnoll

Skill      XL: |  1  2  3 |
---------------+----------+-----
Dodging        | 2 |  2.4
Transmutations | 2 |  2.4
Unarmed Combat | 3 |  3.2
Fighting       | 2 |  2.0
Spellcasting   | |  2.0

Action                   || total
-------------------------++-------
Melee: Unarmed           ||    96
       Kick              ||    10
       Headbutt          ||    12
       Punch             ||     1
 Cast: Beastly Appendage ||    18
  Use: Potion            ||     1
  Eat: Chunk             ||     2
Armor: Robe              ||    28
Dodge: Dodged            ||    93
